 Dungeon Crawl Stone Soup version 0.29.0-4-gdea44cf6ec (webtiles) character file.

Game seed: 10216441094860768836

553 qw the Chopper (level 7, -16/40 HPs)
             Began as a Tengu Warper on Aug 28, 2022.
             Killed from afar by a steam dragon (20 damage)
             ... with a ball of steam
             ... on level 4 of the Dungeon.
             The game lasted 00:00:19 (3339 turns).

qw the Chopper (Tengu Warper)                       Turns: 3339, Time: 00:00:20

Health: -16/40     AC: 12    Str: 14    XL:     7   Next: 29%
Magic:  11/11      EV:  7    Int: 13    God:
Gold:   132        SH:  4    Dex: 13    Spells: 10/10 levels left

rFire   . . .      SeeInvis .   Y - +0 war axe
rCold   . . .      Faith    .   d - +0 buckler
rNeg    . . .      Spirit   .   a - +0 chain mail
rPois   .          Reflect  .   j - +2 hat
rElec   .          Harm     .   n - +0 cloak
rCorr   .          Rampage  .   (no gloves)
Will    .....                   (boots unavailable)
Stlth   ..........              g - amulet of regeneration
HPRegen 0.93/turn               (no ring)
MPRegen 0.12/turn               (no ring)

@: flying quickly and evasively, quick
A: beak, talons 3, nimble flight
a: no special abilities


You were on level 4 of the Dungeon.
You visited 1 branch of the dungeon, and saw 4 of its levels.

You collected 132 gold pieces.


Innate Abilities, Weirdness & Mutations

You have a beak for a mouth.
You have claws for feet.
Your magical nature lets you fly swiftly and evasively.


   Skills:
 + Level 2.0 Fighting
 - Level 7.3 Axes
 - Level 1.0 Throwing
 - Level 3.2 Armour
 - Level 2.1 Dodging
 - Level 2.4 Shields
 - Level 2.0 Spellcasting
 - Level 2.4 Translocations


You had 10 spell levels left.
You didn't know any spells.
Your spell library contained the following spells:

 Spells                   Type           Power      Damage    Failure   Level
 Blink                    Tloc           14%        N/A       99%         2
 Gell's Gravitas          Tloc           7%         N/A       100%        3
 Lesser Beckoning         Tloc           7%         N/A       100%        3
 Teleport Other           Tloc           7%         N/A       100%        3
 Manifold Assault         Tloc           7%         N/A       100%        5

Inventory:

Hand Weapons
 c - a +0 flail
 Y - a +0 war axe (weapon)
Missiles
 m - 3 silver javelins (quivered)
 q - 2 boomerangs
Armour
 a - a +0 chain mail (worn)
 d - a +0 buckler (worn)
 j - a +2 hat (worn)
 n - a +0 cloak (worn)
Jewellery
 b - a ring of positive energy
 g - an amulet of regeneration (around neck)
Potions
 e - a potion of lignification {unknown}
 f - a potion of cancellation {unknown}
 h - a potion of berserk rage {unknown}
 i - a potion of haste {unknown}
 k - a potion of mutation {unknown}
 l - a potion of resistance {unknown}
 o - a potion of might {unknown}
 p - 2 potions of curing {unknown}

Dungeon Overview and Level Annotations

Branches:
Dungeon (4/15)
 Temple: D:4-7

Altars:
The Shining One

Shops:
D:1 =[


Message History

The steam dragon breathes steam at you.
The ball of steam hits you but does no damage.
You barely miss the steam dragon. You claw the steam dragon.
You peck the steam dragon.
The steam dragon is heavily wounded.
You hit the kobold brigand but do no damage.
You are engulfed in a cloud of scalding steam.
The kobold brigand completely misses you.
The steam dragon bites you but does no damage.
The steam dragon claws you but does no damage.
You closely miss the steam dragon. Your kick misses the steam dragon.
The steam dragon is heavily wounded.
You hit the kobold brigand.
You are engulfed in a cloud of scalding steam.
The kobold brigand is engulfed in a cloud of scalding steam.
The kobold brigand barely misses you. The steam dragon barely misses you.
The steam dragon claws you but does no damage.
The kobold brigand is engulfed in a cloud of scalding steam.
The kobold brigand hits you but does no damage.
The steam dragon breathes steam at you. The ball of steam hits you!!
Ouch! That really hurt!
You hit the steam dragon.
You claw the steam dragon, but do no damage.
You peck the steam dragon, but do no damage.
The steam dragon is severely wounded.
You barely miss the kobold brigand.
The kobold brigand is engulfed in a cloud of scalding steam.
The kobold brigand hits you but does no damage.
The steam dragon bites you.
The steam dragon claws you but does no damage.
You barely miss the steam dragon.
You claw the steam dragon, but do no damage.
The steam dragon is severely wounded.
You hit the kobold brigand but do no damage.
The kobold brigand hits you with a +0 dagger.
The steam dragon breathes steam at you. The ball of steam hits you!!
Ouch! That really hurt!
You die...

.............#.......#.
.............#.......#.
#.... #.....#.......#.
#.?..##.¤...#.......#.
#...........#.<.....#.
#.......¤...#.......#.
#......¤....'.......#.
#....K¤.....#.......#.
#....@......#.......#
#...D##.....#.......##
#....##.....#.........
.......#......#.........
..^....#......#......|..
.......#......#.........
'###...##.....########..
#### #....... #..
......... #..


You could see a steam dragon (catching breath) and a kobold brigand.

Vanquished Creatures
  Pargi (D:3)
  An ice beast (D:4)
  Duvessa (D:4)
  A phantom (D:4)
  Dowan (D:4)
  An orc priest (D:4)
  Ijyb (D:3)
  2 adders
  2 dart slugs
  8 orcs
  7 ball pythons
  7 endoplasms
  2 giant cockroaches (D:1)
  7 goblins
  5 hobgoblins
  4 quokkas
  5 bats
  4 kobolds
  5 rats
65 creatures vanquished.

Vanquished Creatures (others)
  A plant (D:1)
1 creature vanquished.

Grand Total: 66 creatures vanquished

Notes
Turn   | Place    | Note
-------+----------+-------------------------------------------
     0 | D:1      | qw the Tengu Warper began the quest for the Orb.
     0 | D:1      | Reached XP level 1. HP: 12/12 MP: 4/4
     0 | D:1      | 0 ||| qw: Version: 0.1-a-89-g26bdef1
     0 | D:1      | 0 ||| qw: Game counter: 248
     0 | D:1      | 0 ||| qw: Always use a shield: true
     0 | D:1      | 0 ||| qw: God list: Okawaru
     0 | D:1      | 0 ||| qw: Allow faded altars: false
     0 | D:1      | 0 ||| qw: Do Orc after D:15 true
     0 | D:1      | 0 ||| qw: Do second Lair branch before Depths: true
     0 | D:1      | 0 ||| qw: Lair rune preference: random
     0 | D:1      | 0 ||| qw: Plans: Normal
     0 | D:1      | 0 ||| PLANNING D:1-11
     7 | D:1      | Found Yxoaraz's Antique Armour Shop.
    15 | D:1      | 15 ||| SHOPLISTING chain mail (126 gold, have 3).
    15 | D:1      | 15 ||| SHOPLISTING embroidered robe (103 gold, have 3).
    15 | D:1      | 15 ||| SHOPLISTING glowing buckler (210 gold, have 3).
    15 | D:1      | 15 ||| SHOPLISTING glowing leather armour (140 gold, have
                  | 3).
    15 | D:1      | 15 ||| SHOPLISTING ring mail (112 gold, have 3).
    51 | D:1      | HP: 3/12 [quokka (2)]
    52 | D:1      | HP: 1/12 [quokka (2)]
   345 | D:1      | HP: 2/12 [quokka (3)]
   660 | D:1      | Reached skill level 3 in Axes
   660 | D:1      | Reached XP level 2. HP: 17/17 MP: 6/6
   674 | D:1      | 674 ||| Stepping ~*~*~tactically~*~*~ (stealth).
   677 | D:1      | 677 ||| Stepping ~*~*~tactically~*~*~ (stealth).
   734 | D:1      | Found Plog's Jewellery Shoppe.
   749 | D:1      | 749 ||| SHOPLISTING +4 ring of protection (360 gold, have
                  | 22).
   749 | D:1      | 749 ||| SHOPLISTING amulet of regeneration (300 gold, have
                  | 22).
   749 | D:1      | 749 ||| SHOPLISTING ring of poison resistance (200 gold,
                  | have 22).
   749 | D:1      | 749 ||| SHOPLISTING ring of resist corrosion (200 gold,
                  | have 22).
   749 | D:1      | 749 ||| SHOPLISTING ring of see invisible (150 gold, have
                  | 22).
   958 | D:1      | Found a faded altar of an unknown god.
  1065 | D:1      | 1065 ||| UPGRADING to +2 hat.
  1070 | D:1      | 1070 ||| READING scroll labelled BELYTT SYUB.
  1071 | D:1      | 1071 ||| READING scroll labelled VIXOKA BUTTUE.
  1072 | D:1      | 1072 ||| READING scroll labelled RIQOUB TONAMOV.
  1073 | D:1      | 1073 ||| READING scroll labelled CYIH OSIRCH.
  1174 | D:1      | 1174 ||| DRINKING 2 inky potions.
  1175 | D:1      | 1175 ||| DROPPING scroll of blinking.
  1215 | D:2      | Reached skill level 4 in Axes
  1215 | D:2      | Reached XP level 3. HP: 21/21 MP: 7/7
  1237 | D:2      | 1237 ||| FLEEEEING.
  1241 | D:2      | 1241 ||| STAIRDANCE
  1280 | D:2      | Found a glowing golden altar of the Shining One.
  1397 | D:2      | 1397 ||| Stepping ~*~*~tactically~*~*~ (hiding).
  1460 | D:2      | 1460 ||| Stepping ~*~*~tactically~*~*~ (stealth).
  1461 | D:2      | 1461 ||| Stepping ~*~*~tactically~*~*~ (hiding).
  2021 | D:2      | 2021 ||| UPGRADING to +0 scale mail.
  2031 | D:2      | 2031 ||| DROPPING +0 leather armour.
  2032 | D:2      | 2032 ||| UPGRADING to +0 cloak.
  2037 | D:2      | 2037 ||| UPGRADING to amulet of regeneration.
  2042 | D:2      | 2042 ||| READING scroll labelled GEOL ROISTUYSH.
  2043 | D:2      | 2043 ||| READING scroll labelled DUNOEMO WOACAE.
  2044 | D:2      | 2044 ||| DRINKING 2 fizzy brown potions.
  2145 | D:2      | 2145 ||| DRINKING 2 black potions.
  2146 | D:2      | 2146 ||| DROPPING potion of ambrosia.
  2147 | D:2      | 2147 ||| DROPPING potion of flight.
  2167 | D:3      | 2167 ||| STAIRDANCE
  2176 | D:3      | 2176 ||| STAIRDANCE
  2186 | D:3      | 2186 ||| SWAPPING to +0 war axe.
  2187 | D:3      | 2187 ||| DROPPING +1 hand axe.
  2210 | D:3      | 2210 ||| DROPPING +0 mace.
  2219 | D:3      | 2219 ||| Stepping ~*~*~tactically~*~*~ (stealth).
  2280 | D:3      | Noticed Pargi
  2290 | D:3      | HP: 2/21 [Pargi (4)]
  2291 | D:3      | 2291 ||| DRINKING potion of heal wounds.
  2295 | D:3      | Killed Pargi
  2296 | D:3      | Reached skill level 5 in Axes
  2296 | D:3      | Reached XP level 4. HP: 26/26 MP: 8/8
  2296 | D:3      | Gained mutation: Your magical nature lets you fly swiftly
                  | and evasively. [Tengu growth]
  2296 | D:3      | Reached XP level 5. HP: 30/30 MP: 9/9
  2402 | D:3      | Noticed Ijyb
  2403 | D:3      | 2403 ||| Stepping ~*~*~tactically~*~*~ (hiding).
  2434 | D:3      | Killed Ijyb
  2435 | D:3      | Reached skill level 6 in Axes
  2589 | D:3      | 2589 ||| Stepping ~*~*~tactically~*~*~ (stealth).
  2592 | D:3      | 2592 ||| Stepping ~*~*~tactically~*~*~ (stealth).
  2593 | D:3      | 2593 ||| Stepping ~*~*~tactically~*~*~ (stealth).
  3007 | D:3      | 3007 ||| UPGRADING to +0 chain mail.
  3017 | D:3      | 3017 ||| UPGRADING to +0 buckler.
  3022 | D:3      | 3022 ||| DROPPING +0 scale mail.
  3023 | D:3      | 3023 ||| READING scroll labelled VAUNKUXZ KEYN.
  3116 | D:4      | Noticed an ice beast
  3126 | D:4      | Killed an ice beast
  3127 | D:4      | Reached XP level 6. HP: 23/35 MP: 10/10
  3182 | D:4      | Noticed Duvessa
  3188 | D:4      | Noticed Dowan
  3194 | D:4      | Killed Duvessa
  3195 | D:4      | Reached skill level 3 in Armour
  3212 | D:4      | Killed Dowan
  3213 | D:4      | Reached XP level 7. HP: 27/40 MP: 11/11
  3213 | D:4      | 3213 ||| FLEEEEING.
  3214 | D:4      | 3214 ||| FLEEEEING.
  3215 | D:4      | 3215 ||| FLEEEEING.
  3216 | D:4      | 3216 ||| FLEEEEING.
  3217 | D:4      | 3217 ||| FLEEEEING.
  3218 | D:4      | 3218 ||| FLEEEEING.
  3219 | D:4      | 3219 ||| FLEEEEING.
  3220 | D:4      | 3220 ||| FLEEEEING.
  3221 | D:4      | 3221 ||| FLEEEEING.
  3254 | D:4      | Reached skill level 7 in Axes
  3328 | D:4      | Noticed a steam dragon
  3329 | D:4      | 3329 ||| Stepping ~*~*~tactically~*~*~ (hiding).
  3331 | D:4      | 3331 ||| Stepping ~*~*~tactically~*~*~ (hiding).
  3337 | D:4      | HP: 6/40 [steam dragon/ball of steam (24)]
  3339 | D:4      | Killed from afar by a steam dragon

Levels and vault maps discovered:
D:1:      giann_bridges, layout_basic, serial_shops, shop, shop,
          basic_ecumenical_altar
D:2:      layout_basic, serial_aquarium, aquarium_bridge_straight
          [aquarium_subvault_bridge, aquarium_subvault_window,
          aquarium_subvault_bridge, aquarium_subvault_wall], aquarium_window_1,
          aquarium_window_1, aquarium_window_fake, aquarium_view_4, basic_altar,
          chequers_avenue
D:3:      layout_basic, uniq_pargi, uniq_ijyb
D:4:      layout_gridville, goddamned_bats, uniq_duvessa

Skill      XL: |  1  2  3  4  5  6  7 |
---------------+----------------------+-----
Axes           | 3 4 5 6 7 |  7.3
Shields        | 2 |  2.4
Armour         | 3 |  3.2
Fighting       | |  2.0
Throwing       | |  1.0
Dodging        | |  2.1
Spellcasting   | |  2.0
Translocations | |  2.4

Action                   |  1- 3 |  4- 6 |  7- 9 || total
-------------------------+-------+-------+-------++-------
Melee: Hand axe          |    73 |       |       ||    73
       Kick              |    17 |    19 |     5 ||    41
       Peck              |    11 |    14 |     3 ||    28
       War axe           |    12 |    78 |    13 ||   103
Throw: Boomerang         |     7 |       |       ||     7
       Javelin           |     7 |    18 |     5 ||    30
  Use: Scroll            |     6 |     1 |       ||     7
       Potion            |     4 |       |       ||     4
Armor: Leather armour    |    24 |       |       ||    24
       Scale mail        |    19 |    36 |       ||    55
       Chain mail        |       |    21 |     9 ||    30
Dodge: Dodged            |    52 |    46 |     6 ||   104
Block: Buckler           |       |     7 |     3 ||    10

Table legend:
 A = Non-vault XP
 B = Vault XP
 C = Vault XP percentage of total XP
 D = Non-vault monster count
 E = Vault monster count
 F = Vault count percentage of total count
                 A         B        C        D         E       F
            +---------+---------+-------+---------+---------+-------
      Total |     418 |     372 |  47.1 |      61 |       4 |   6.2
            +---------+---------+-------+---------+---------+-------
        D:1 |      33 |       0 |   0.0 |      18 |       0 |   0.0
        D:2 |      37 |       0 |   0.0 |      13 |       0 |   0.0
        D:3 |      59 |     174 |  74.7 |      24 |       2 |   7.7
        D:4 |     289 |     198 |  40.7 |       6 |       2 |  25.0
            +---------+---------+-------+---------+---------+-------
